 Dungeon Crawl Stone Soup version 0.30-a0-672-gc3a7216ad8 (webtiles) character file.

Game seed: 6462008506200317026

749080 wormed the Octopus of Death (level 27, -22/205 HPs)
             Began as an Octopode Transmuter on Jan 19, 2023.
             Was an Initiate of Gozag.
             Annihilated by Suigrey the pandemonium lord (42 damage)
             ... on level 20 of a ziggurat.
             The game lasted 02:23:35 (84807 turns).

wormed the Octopus of Death (Octopode Transmuter)  Turns: 84807, Time: 02:23:36

Health: -22/205    AC: 11    Str: 26    XL:     27
Magic:  28/39      EV: 39    Int: 53    God:    Gozag
Gold:   2224       SH:  0    Dex: 20    Spells: 3/50 levels left

rFire   + . .      SeeInvis +    Z - staff of air
rCold   + . .      Faith    +    (no shield)
rNeg    . . .      Spirit   .    f - +2 hat {Int+3}
rPois   +          Reflect  .    p - amulet of Lirchar {Faith rF+ Regen+ Int+7 Stlth-}
rElec   +          Harm     .    n - ring of the Manifold Hosts {rC+ Int+2 SInv}
rCorr   +          Rampage  .    B - ring of the Priest {*Corrode rF+ Str+6 Slay+2 Stlth-}
Will    +++..                    T - +6 ring of intelligence
Stlth   +                        W - ring of the Hare {EV+10}
HPRegen 1.34/turn                h - ring "Joust" {Will+ rCorr Stlth+}
MPRegen 0.26/turn                S - +6 ring of intelligence
                                 Y - ring of Megalomania {*Slow AC+4 Str+9 Slay+3}
                                 J - ring "Megaoman" {Wiz rElec rPois Int+4 Dex+3}

@: death channelling, silenced, weakened, fire vulnerable, studying Long Blades,
invisible
A: almost no armour, amphibious, 8 rings, camouflage 1, gelatinous body 1,
(nimble swimmer 1), tentacles, iridescent scales 2, agile 1, noise suppression
}: 5/15 runes: decaying, slimy, silver, abyssal, gossamer
a: Renounce Religion


You were on level 20 of a ziggurat.
You worshipped Gozag.
Gozag was most pleased with you.
You visited 12 branches of the dungeon, and saw 56 of its levels.
You visited the Abyss 4 times.
You visited 1 bazaar.
You visited 1 ziggurat, and saw 20 of its levels.

You collected 35620 gold pieces.
You spent 5247 gold pieces at shops.
You paid 28149 gold pieces to Gozag.

Inventory:

Missiles
 a - 5 throwing nets
Armour
 f - a +2 hat of intelligence (worn)
Magical Staves
 C - a staff of fire
 Z - a staff of air (weapon)
Jewellery
 h - the ring "Joust" (on tentacle) {Will+ rCorr Stlth+}
   (You bought it in a shop on level 5 of the Dungeon)

   [ring of willpower]

   rCorr:     It protects you from acid and corrosion.
   Will:      It increases your willpower.
   Stlth:     It makes you more stealthy.
 n - the ring of the Manifold Hosts (left tentacle) {rC+ Int+2 SInv}
   (You bought it in a shop on level 2 of the Orcish Mines)

   [ring of see invisible]

   Int:       It affects your intelligence (+2).
   rC:        It protects you from cold.
   SInv:      It lets you see invisible.
 p - the amulet of Lirchar (around mantle) {Faith rF+ Regen+ Int+7 Stlth-}
   (You acquired it on level 7 of the Dungeon)

   [amulet of faith]

   It allows you to gain divine favour quickly.
   Int:       It affects your intelligence (+7).
   rF:        It protects you from fire.
   Regen:     It increases your rate of health regeneration.
   Stlth:     It makes you less stealthy.
 B - the ring of the Priest (right tentacle) {*Corrode rF+ Str+6 Slay+2 Stlth-}
   (You bought it in a shop on level 5 of the Dungeon)

   [ring of protection from fire]

   Str:       It affects your strength (+6).
   Slay:      It affects your accuracy & damage with ranged weapons and melee
   (+2).
   rF:        It protects you from fire.
   *Corrode:  It may corrode you when you take damage.
   Stlth:     It makes you less stealthy.
 J - the ring "Megaoman" (on tentacle) {Wiz rElec rPois Int+4 Dex+3}
   (You bought it in a shop on level 2 of the Orcish Mines)

   [ring of wizardry]

   It improves your spell success rate.
   Int:       It affects your intelligence (+4).
   Dex:       It affects your dexterity (+3).
   rElec:     It insulates you from electricity.
   rPois:     It protects you from poison.
 S - a +6 ring of intelligence (on tentacle)
 T - a +6 ring of intelligence (on tentacle)
 W - the ring of the Hare (on tentacle) {EV+10}
   (You took it off a vault sentinel on level 5 of the Vaults)

   [ring of evasion]

   EV:        It affects your evasion (+10).
 Y - the ring of Megalomania (on tentacle) {*Slow AC+4 Str+9 Slay+3}
   (You found it on level 3 of the Elven Halls)

   [ring of protection]

   AC:        It affects your AC (+4).
   Str:       It affects your strength (+9).
   Slay:      It affects your accuracy & damage with ranged weapons and melee
   (+3).
   *Slow:     It may slow you when you take damage.
Wands
 c - a wand of roots (52)
 r - a wand of flame (163)
 s - a wand of paralysis (67)
 u - a wand of digging (30)
 x - a wand of polymorph (30)
 y - a wand of acid (43)
 Q - a wand of mindburst (60)
Scrolls
 d - 32 scrolls of teleportation
 g - 15 scrolls of immolation
 i - 7 scrolls of fear
 l - 9 scrolls of amnesia
 q - 18 scrolls of poison
 v - 2 scrolls of silence
 A - 7 scrolls of brand weapon
 D - 17 scrolls of enchant weapon
 F - 6 scrolls of magic mapping
 I - 10 scrolls of enchant armour
 K - 8 scrolls of fog
 U - 11 scrolls of blinking
 X - 4 scrolls of butterflies
Potions
 b - 25 potions of curing
 e - 12 potions of ambrosia
 j - 11 potions of might
 k - 9 potions of brilliance
 o - 8 potions of attraction
 t - 2 potions of invisibility (quivered)
 w - 12 potions of flight
 z - 2 potions of magic
 E - 11 potions of lignification
 G - 7 potions of cancellation
 H - 11 potions of haste
 M - 5 potions of resistance
 P - 3 potions of berserk rage
 R - 16 potions of heal wounds


   Skills:
 - Level 21.0 Fighting
 - Level 21.0 Dodging
 - Level 21.0 Unarmed Combat
 - Level 12.0 Spellcasting
 - Level 10.0 Hexes
 - Level 10.0 Summonings
 O Level 27 Necromancy
 - Level 10.0 Translocations
 - Level 19.0 Transmutations
 * Level 13.5 Fire Magic
 - Level 4.0 Ice Magic
 - Level 19.0 Air Magic


You had 3 spell levels left.
You knew the following spells:

 Your Spells              Type           Power      Damage    Failure   Level
a - Storm Form            Tmut/Air       74%        N/A       1%          7
b - Wereblood             Tmut           100%       N/A       0%          2
c - Death Channel         Necr           71%        N/A       0%          6
d - Vhi's Electric Charg  Tloc/Air       100%       N/A       0%          3
e - Infestation           Necr           71%        N/A       1%          8
f - Summon Forest         Summ/Tloc      47%        N/A       1%          5
i - Ignition              Fire           54%        3d15      6%          8
n - Necromutation         Tmut/Necr      67%        N/A       1%          8

Your spell library contained the following spells:

 Spells                   Type           Power      Damage    Failure   Level
 Apportation              Tloc           100%       N/A       0%          1
 Beastly Appendage        Tmut           100%       N/A       0%          1
 Necrotise                Necr           100%       1d9       0%          1
 Slow                     Hex            100%       N/A       0%          1
 Sting                    Tmut/Pois      100%       1d8       0%          1
 Summon Small Mammal      Summ           100%       N/A       0%          1
 Blink                    Tloc           100%       N/A       0%          2
 Call Imp                 Summ           95%        N/A       0%          2
 Cigotuvi's Dreadful Rot  Necr/Pois/Air  100%       N/A       0%          2
 Lesser Beckoning         Tloc           100%       N/A       0%          2
 Passwall                 Tmut/Erth      77%        N/A       0%          2
 Poisonous Vapours        Pois/Air       100%       N/A       0%          2
 Scorch                   Fire           100%       2d10      0%          2
 Static Discharge         Conj/Air       100%       2-7/arc   0%          2
 Sublimation of Blood     Necr           100%       N/A       0%          2
 Ignite Poison            Fire/Tmut/Pois 98%        N/A       0%          3
 Inner Flame              Hex/Fire       100%       N/A       0%          3
 Kindle Blastsparks       Fire/Tloc/Air  100%       2d18      0%          3
 Swiftness                Air            100%       N/A       0%          3
 Vampiric Draining        Necr           100%       2d13      0%          3
 Freeze                   Ice            100%       1d10      1%          1
 Magic Dart               Conj           100%       1d8       1%          1
 Sandblast                Erth           62%        2d14      1%          1
 Ensorcelled Hibernation  Hex/Ice        100%       N/A       1%          2
 Momentum Strike          Conj/Tloc      100%       3d10      1%          2
 Call Canine Familiar     Summ           95%        N/A       1%          3
 Confusing Touch          Hex            95%        N/A       1%          3
 Dazzling Flash           Conj/Hex       100%       N/A       1%          3
 Gell's Gravitas          Tloc           95%        N/A       1%          3
 Hailstorm                Conj/Ice       52%        3d12      1%          3
 Mephitic Cloud           Conj/Pois/Air  99%        N/A       1%          3
 Ozocubu's Armour         Ice            65%        N/A       1%          3
 Portal Projectile        Hex/Tloc       100%       N/A       1%          3
 Spider Form              Tmut/Pois      93%        N/A       1%          3
 Stone Arrow              Conj/Erth      62%        3d10      1%          3
 Summon Guardian Golem    Hex/Summ       95%        N/A       1%          3
 Teleport Other           Tloc           95%        N/A       1%          3
 Tukima's Dance           Hex            95%        N/A       1%          3
 Airstrike                Air            74%        2d(11-27) 0%          4
 Anguish                  Hex/Necr       61%        N/A       0%          4
 Dispel Undead            Necr           100%       3d31      0%          4
 Summon Lightning Spire   Summ/Air       100%       N/A       0%          4
 Agony                    Necr           100%       N/A       0%          5
 Blade Hands              Tmut           62%        N/A       0%          5
 Cause Fear               Hex            47%        N/A       1%          4
 Flame Wave               Conj/Fire      81%        2d18      1%          4
 Fulminant Prism          Conj/Hex       35%        3d17      1%          4
 Ice Form                 Ice/Tmut       100%       N/A       1%          4
 Iskenderun's Mystic Bla  Conj/Tloc      71%        2d14      1%          4
 Leda's Liquefaction      Hex/Erth       35%        N/A       1%          4
 Manifold Assault         Tloc           95%        N/A       1%          4
 Passage of Golubria      Tloc           95%        N/A       1%          4
 Petrify                  Tmut/Erth      93%        N/A       1%          4
 Sticky Flame             Conj/Fire      81%        2d9       1%          4
 Summon Ice Beast         Ice/Summ       82%        N/A       1%          4
 Alistair's Intoxication  Tmut/Pois      62%        N/A       1%          5
 Arcjolt                  Conj/Air       57%        1d67      1%          5
 Borgnjor's Vile Clutch   Necr/Erth      54%        N/A       1%          5
 Fireball                 Conj/Fire      40%        3d16      1%          5
 Irradiate                Conj/Tmut      46%        3d27      1%          5
 Lightning Bolt           Conj/Air       57%        1d80      1%          5
 Metabolic Englaciation   Hex/Ice        41%        N/A       1%          5
 Silence                  Hex/Air        67%        N/A       1%          5
 Summon Mana Viper        Hex/Summ       95%        N/A       1%          5
 Yara's Violent Unravell  Hex/Tmut       55%        3d21      1%          5
 Conjure Ball Lightning   Conj/Air       57%        3x3d21    1%          6
 Dispersal                Tloc           47%        N/A       1%          6
 Eringya's Noxious Bog    Tmut/Pois      46%        N/A       1%          6
 Statue Form              Tmut/Erth      62%        N/A       1%          6
 Summon Cactus Giant      Summ           47%        N/A       1%          6
 Dragon Form              Tmut           62%        N/A       1%          7
 Haunt                    Necr/Summ      61%        N/A       1%          7
 Maxwell's Capacitive Co  Air            74%        ∞         1%          8
 Olgreb's Toxic Radiance  Pois           31%        N/A       2%          4
 Starburst                Conj/Fire      40%        6d12      2%          6
 Malign Gateway           Summ/Tloc      47%        N/A       3%          7
 Monstrous Menagerie      Summ           47%        N/A       3%          7
 Iskenderun's Battlesphe  Conj           31%        2d8       6%          5
 Lee's Rapid Deconstruct  Erth           15%        3d10*     6%          5
 Spellforged Servitor     Conj/Summ      35%        N/A       26%         7
 Disjunction              Tloc           47%        N/A       26%         8
 Summon Horrible Things   Summ           47%        N/A       26%         8
 Iron Shot                Conj/Erth      15%        9d4       32%         6
 Orb of Destruction       Conj           15%        9d7       86%         7
 Dragon's Call            Summ           47%        N/A       98%         9
 Lehudib's Crystal Spear  Conj/Erth      15%        10d5      100%        8
 Animate Dead             Necr           Unusable   N/A       N/A         4
 Animate Armour           Summ/Erth      Unusable   N/A       N/A         4
 Simulacrum               Ice/Necr       Unusable   N/A       N/A         6

Dungeon Overview and Level Annotations

Branches:
Dungeon (15/15)            Temple (1/1) D:4            Lair (5/5) D:10
  Swamp (4/4) Lair:3       Spider (4/4) Lair:3        Slime (5/5) Lair:4
    Orc (2/2) D:11            Elf (3/3) Orc:2        Vaults (5/5) D:13
  Crypt (3/3) Vaults:3       Tomb (0/3) Crypt:3      Depths (4/4) D:15
    Zot (5/5) Depths:4

Altars:
Ashenzari
Cheibriados
Dithmenos
Elyvilon
Fedhas
Gozag
Hepliaklqana
Kikubaaqudgha
Nemelex Xobeh
Okawaru
Qazlal
Sif Muna
Trog
Uskayaw
Vehumet
Wu Jian
Xom
Yredelemnul
Zin
The Shining One
Jiyva

Shops:
D:1 *??:   D:5 (=*=[   D:6 :   Orc:2 :=[==(   Elf:1 [(?(   Lair:1 =   Lair:2 *
Lair:5 *?   Swamp:1 [   Vaults:1 [   Vaults:2 *:   Vaults:3 (   Vaults:4 (
Crypt:3 :*

Portals:
Hell: Depths:1 Depths:2 Depths:3 Depths:4
Abyss: Depths:3
Pandemonium: Depths:2


Innate Abilities, Weirdness & Mutations

You cannot wear most types of armour.
You are amphibious.
You can wear up to eight rings at the same time.
Your skin changes colour to match your surroundings (Stealth+).
Your rubbery body absorbs attacks. (AC +1, EV +1)
((You are camouflaged when in or above water. (Stealth+)))
You have tentacles for arms and can constrict up to eight enemies at once.
You are mostly covered in iridescent scales. (AC +4)
You are agile. (Dex +4, Str/Int -1)
You passively dampen the noise of your surroundings.


Message History

You are engulfed in freezing vapours.
You resist.
* * * LOW HITPOINT WARNING * * *
Ryzagges closely misses you.
The Killer Klown is engulfed in freezing vapours.
The Killer Klown misses you.
A fenstrider witch comes into view.
The swamp dragon completely misses you. The swamp dragon claws you.
* * * LOW HITPOINT WARNING * * *
The swamp dragon misses you.
Caopni Ynio stings you but does no damage.
Ryzagges completely misses you. Suigrey misses you.
Veamas completely misses you.
A Killer Klown comes into view. It is wielding a +9 heavy club.
The Killer Klown blinks!
Zoxidw Waemy gestures.
Zoxidw Waemy flickers and vanishes for a moment.
Qounuj hits you!!
* * * LOW HITPOINT WARNING * * *
The Killer Klown is engulfed in freezing vapours.
The Killer Klown slaps you with a +10 club.
* * * LOW HITPOINT WARNING * * *
A stone giant comes into view.
Runut gestures.
A dragon appears.
A shadow demon comes into view.
You fade into invisibility!
The jorogumo changes into a goliath frog!
Ryzagges hits you.
* * * LOW HITPOINT WARNING * * *
Suigrey misses you.
Caopni Ynio stings you but does no damage.
Ryzagges closely misses you.
The swamp dragon completely misses you. x3
Veamas gestures at you. You resist with almost no effort.
A Killer Klown comes into view. It is wielding a +10 club of venom.
The Killer Klown blinks!
The Killer Klown is engulfed in freezing vapours.
The Killer Klown completely misses you. Qounuj misses you. Suigrey hits you!!!
You die...
Your body crumbles into a pile of gold.

...#≈#.............#≈#..
........................
.p......................
2.......................
p.......................
..t..D1p§...............
§...&&&D&2..............
$
&.D.p&p@&F..............
C....D&&&...............
$......2p.§..............
........................
........................
........................
.H......................
...#≈#.............#§#..


You could see Caopni Ynio (invisible), Gikiqad, Hotenimp (fast), Noism
(infested), Qounuj, Runut (infested), Ryzagges (fast, infested), Suigrey
(infested), Veamas (infested), Zoxidw Waemy (invisible), 6 Killer Klowns, an
iron dragon, a Tzitzimitl (infested), a cacodemon (summoned), 2 quicksilver
dragons, a stone giant (wandering, unable to see you), a swamp dragon (unable to
see you), a fenstrider witch, a shadow demon, an apocalypse crab, a goliath frog
shaped shifter (unable to see you) and a tormentor (summoned, unable to see
you).

Vanquished Creatures
  the Royal Jelly (Slime:5)
  4 dread liches
  3 orbs of fire (Zot:5)
  The ghost of wormed the Shapeless Octopus, a legendary OpTm of Gozag (Zig:18)
  5 ancient liches
  3 juggernauts
  The ghost of Pooter the Crack Shot, a veteran MiBe of Trog (Zig:18)
  The ghost of rocky1 the Conqueror, a legendary GrFi of Gozag (Zig:18)
  Vv (Depths:4)
  The ghost of Uroast the Impregnable, a veteran MiGl of Hepliaklqana (Crypt:3)
  The ghost of Zonian the Necromancer, a legendary VSBr of Uskayaw (Zig:18)
  10 Killer Klowns
  2 curse toes
  A caustic shrike (Zig:10)
  Xtahua (Crypt:2)
  14 golden dragons
  Jory (Depths:4)
  A profane servitor (Abyss:3)
  4 bone dragons (Abyss:3)
  2 iron giants
  2 Brimstone Fiends (Zig:8)
  2 hellephants
  4 electric golems
  17 tentacled monstrosities
  5 Hell Sentinels
  22 Orb Guardians (Zot:5)
  A walking frostbound tome (Depths:3)
  7 liches
  4 Ice Fiends
  3 deep elf blademasters (Elf:3)
  4 searing wretches
  20 acid blobs
  7 titans
  6 quicksilver dragons
  Frances (Spider:1)
  9 death cobs
  4 Executioners
  2 ancient champions (Crypt:2)
  7 sphinxes
  8 tengu reavers
  14 tentacled starspawn
  6 deep elf master archers (Elf:3)
  2 pandemonium lords
  21 storm dragons
  Donald (Vaults:2)
  7 draconian monks
  15 azure jellies
  A fenstrider witch (Swamp:2)
  18 revenants
  12 shadow dragons
  3 fire giants
  14 rockslimes
  2 nagarajas (Zig:5)
  A demonspawn warmonger (Zig:17)
  3 iron dragons
  8 draconian knights
  3 quicksilver elementals
  9 emperor scorpions
  11 draconian scorchers
  5 frost giants
  18 vault wardens
  8 deep elf sorcerers
  2 angels (Zig:2)
  8 balrugs
  2 deep elf elementalists (Elf:3)
  4 orc warlords
  7 draconian shifters
  7 curse skulls
  7 draconian stormcallers
  2 broodmothers
  3 ghouls (Crypt:3)
  2 reapers
  18 ghost moths
  16 quicksilver oozes
  3 cacodemons
  A spectral caustic shrike (Crypt:3)
  3 demonspawn corrupters
  The ghost of Hosix the Severer, a journeyman GrFi of Okawaru (D:13)
  18 ironbound preservers
  27 very ugly things
  4 ironbound thunderhulks
  6 draconian annihilators
  6 war gargoyles
  A rockslime zombie (Crypt:3)
  2 grey draconians (Depths:4)
  2 eleionomae (Swamp:1)
  19 black draconians
  14 stone giants
  9 vampire knights
  13 green draconians
  A putrid mouth (Zig:15)
  A demonspawn black sun (Zig:6)
  17 purple draconians
  4 bunyips
  A lorocyproca (Zig:17)
  13 white draconians
  3 deep elf demonologists
  3 spark wasps
  19 dire elephants
  10 yellow draconians
  6 deep elf annihilators
  18 eidola
  3 blizzard demons
  3 crystal guardians
  An iron golem (Zig:10)
  6 ettins
  16 red draconians
  A quicksilver dragon zombie (Crypt:1)
  13 deep elf death magi
  3 green deaths
  13 fire dragons
  9 jiangshi
  Josephine (D:14)
  18 great orbs of eyes
  4 deep elf high priests
  2 spriggan zombies
  18 yaktaur captains
  A salamander tyrant (Zig:5)
  10 entropy weavers
  A spectral golden dragon (Crypt:3)
  5 ice dragons
  Fannar (Lair:2)
  7 rakshasas
  12 hydras
  5 spriggan air magi
  A spectral spriggan (Crypt:3)
  A stoker (Zig:7)
  6 two-headed ogres
  7 peacekeepers
  An ogre mage (Vaults:5)
  37 vault guards
  A hell beast (Depths:1)
  9 centaur warriors
  3 ghost crabs
  4 death knights
  3 catoblepae
  3 radroaches
  2 death yaks
  A naga warrior (Zig:5)
  4 ironbound frosthearts
  A spriggan skeleton (Crypt:1)
  4 boulder beetles
  2 deep troll shamans
  2 orc high priests
  6 deep troll earth magi
  7 alligators
  7 tengu warriors
  A death scarab (Zig:14)
  4 hell hogs (Depths:1)
  30 dancing weapons
  14 thrashing horrors
  An emperor scorpion zombie (Crypt:1)
  2 crystal echidnas (Zig:10)
  12 hell knights
  Urug (Lair:2)
  5 sun demons
  13 vampire magi
  6 soul eaters
  The ghost of pigah the Martial Artist, a novice OpWn of Gozag (D:9)
  12 iron trolls
  3 storm dragon zombies
  2 sun moths
  22 deep elf knights
  2 spriggan berserkers
  6 wretched stars
  11 shadow wraiths (Crypt:3)
  10 pharaoh ants
  A death drake (shapeshifter) (Vaults:5)
  A golden dragon zombie (Crypt:1)
  6 skeletal warriors
  9 swamp dragons
  9 spatial maelstroms
  3 goliath frogs
  20 large abominations
  An obsidian statue (Zig:17)
  2 spriggan druids
  3 shadow demons
  A naga ritualist (Zig:5)
  A shadow dragon zombie (Crypt:1)
  40 deep trolls
  12 lindwurms
  8 glowing orange brains
  A spectral iron dragon (Crypt:3)
  2 bog bodies
  10 flayed ghosts
  A harpy (shapeshifter) (Vaults:5)
  A harpy (Vaults:4)
  2 glowing orange brains (shapeshifter)
  7 wizards
  9 steelbarb worms
  9 orb spiders
  10 orc knights
  19 ironbound convokers
  27 deep elf pyromancers
  35 phantasmal warriors
  8 deep elf archers
  23 deep elf zephyrmancers
  29 wolf spiders
  5 necromancers
  A stone giant zombie (Abyss:3)
  A mana viper (Zig:5)
  A golden dragon skeleton (Abyss:3)
  5 orc sorcerers
  27 moths of wrath
  11 shining eyes
  2 spectral ettins (Crypt:3)
  A shining eye (shapeshifter) (Zig:12)
  An orange crystal statue (Zig:17)
  A human zombie (Vaults:1)
  5 elephants (Lair:2)
  5 apocalypse crabs
  3 manticores
  A cyclops (shapeshifter) (Vaults:5)
  35 ugly things
  A salamander (Depths:1)
  A jorogumo skeleton (Crypt:2)
  8 cyclopes
  3 will-o-the-wisps
  2 worldbinders
  Maurice (D:9)
  An oklob plant (D:13)
  21 vault sentinels
  A centaur zombie (Abyss:3)
  7 black mambas
  A spectral centaur (Crypt:3)
  2 naga magi (D:15)
  5 eyes of devastation
  Maggie (D:6)
  2 orange demons
  An elephant slug zombie (Crypt:1)
  6 torpor snails
  11 demonic crawlers
  A rust devil (Abyss:3)
  An ice statue (Zig:17)
  2 centaur skeletons (D:15)
  7 rime drakes
  16 cane toads
  A gargoyle (D:13)
  7 smoke demons
  3 kobold demonologists
  3 hellions
  An unseen horror zombie (Crypt:2)
  A yaktaur (shapeshifter) (D:14)
  2 unseen horrors
  33 yaktaurs
  A grey draconian zombie (Crypt:1)
  17 freezing wraiths
  6 komodo dragons
  7 tengu conjurers
  2 redback zombies
  A red draconian skeleton (Crypt:2)
  2 tormentors
  An efreet (D:13)
  2 polar bears
  A green draconian skeleton (Crypt:2)
  A wind drake (shapeshifter) (Vaults:5)
  13 ancient zymes
  8 hellwings
  A meliai (Zig:14)
  8 trolls
  A tarantella zombie (Crypt:2)
  4 blink frogs
  A burning bush (Lair:3)
  8 raiju (Abyss:3)
  18 tyrant leeches
  21 tarantellas
  A blink frog (shapeshifter) (Elf:1)
  A harpy skeleton (Crypt:2)
  13 hornets
  A snapping turtle (shapeshifter) (Zig:3)
  A dream sheep (shapeshifter) (Vaults:5)
  9 water elementals
  Sigmund (D:3)
  120 slime creatures
  3 air elementals
  11 wraiths
  17 jumping spiders
  A black mamba zombie (Crypt:1)
  25 yaks
  13 flying skulls
  12 shadows
  A naga simulacrum (Crypt:1)
  27 culicivoras
  9 spriggans
  Eustachio (D:6)
  A culicivora (shapeshifter) (Elf:2)
  6 fire elementals
  34 starcursed masses
  18 wyverns
  A yak (shapeshifter) (Abyss:3)
  15 golden eyes
  A vampire (D:10)
  An elf skeleton (Vaults:1)
  62 redbacks
  3 basilisks
  15 vampire mosquitoes
  3 chaos spawn
  6 neqoxecs
  18 spatial vortices (Abyss:3)
  7 steam dragons
  3 wargs
  9 swamp worms
  3 acid dragons
  3 hell hounds (Abyss:3)
  A floating eye (Slime:4)
  16 water moccasins
  A water nymph skeleton (Crypt:1)
  5 ice beasts
  A fire bat skeleton (Crypt:1)
  3 swamp drakes
  A sky beast (D:7)
  5 black bears
  17 orc warriors
  3 wolves
  2 boggarts
  8 centaurs
  9 ogres
  A human skeleton (Vaults:1)
  A lindwurm skeleton (Crypt:1)
  3 phantoms
  9 small abominations (Abyss:3)
  3 kobold brigands
  4 necrophages
  4 scorpions
  A draconian zombie (Crypt:1)
  8 bullfrogs
  2 earth elementals
  4 wights (Abyss:3)
  A shapeshifter zombie (Crypt:1)
  A warg skeleton (Crypt:3)
  A human simulacrum (Vaults:1)
  19 killer bees
  A troll skeleton (Crypt:1)
  An elephant simulacrum (Lair:5)
  2 howler monkeys (D:11)
  2 electric eels
  3 hounds
  13 orc priests
  2 gnoll boudas
  A jelly (D:4)
  6 iguanas
  Ijyb (D:4)
  11 orc wizards
  A killer bee zombie (Crypt:3)
  A wolf simulacrum (Lair:5)
  A hound zombie (Crypt:3)
  A deep dwarf skeleton (Crypt:2)
  Robin (D:3)
  15 gnolls
  12 adders
  A shadow imp (D:7)
  A white imp (D:8)
  An ufetubus (D:5)
  A worm zombie (Crypt:3)
  3 worms
  3 dart slugs
  41 orcs
  6 endoplasms
  A giant cockroach (D:2)
  12 goblins
  8 hobgoblins
  A jackal (D:13)
  17 kobolds
  3 quokkas
  11 ball pythons
  4 bats
  A frilled lizard (D:1)
  A giant cockroach zombie (Crypt:3)
  6 rats
  A block of ice (Zig:17)
  9 starspawn tentacles
2610 creatures vanquished.

Vanquished Creatures (collateral kills)
  A Killer Klown (Zot:2)
  A golden dragon (Zig:16)
  A Brimstone Fiend (Zig:17)
  3 Orb Guardians (Zot:5)
  2 Hell Sentinels (Zig:17)
  A searing wretch (Zig:8)
  An Executioner (Zig:17)
  A tentacled starspawn (Zig:15)
  A shadow dragon (Zig:15)
  Roxanne (Swamp:1)
  A storm dragon (Zot:5)
  A draconian knight (Zig:19)
  2 emperor scorpions
  A draconian scorcher (Zig:19)
  2 balrugs (Zig:17)
  A draconian shifter (Zig:19)
  2 ghost moths
  A broodmother (Zig:14)
  2 demonspawn blood saints (Zig:17)
  A stone giant (Zig:11)
  7 eleionomae
  2 red draconians
  A lorocyproca (Zig:17)
  A purple draconian (Zot:5)
  A bunyip (Swamp:2)
  A spark wasp (Spider:1)
  A fire dragon (Swamp:4)
  3 entropy weavers
  2 shambling mangroves (Swamp:4)
  An ice dragon (D:14)
  6 hydras
  4 vault guards (D:13)
  2 radroaches
  2 catoblepae
  A rakshasa (D:13)
  2 ogre magi
  A ghost crab (Zig:16)
  2 centaur warriors (D:15)
  A boulder beetle (Spider:1)
  A two-headed ogre (D:9)
  8 alligators
  4 death yaks
  A tengu warrior (D:15)
  A hell hog (Zig:15)
  2 orc high priests (Orc:2)
  2 deep elf knights
  7 spriggans
  2 pharaoh ants
  A sixfirhy (Zig:17)
  A death drake (Zig:16)
  A fire crab (Swamp:4)
  3 sun moths
  2 skeletal warriors (D:13)
  10 swamp dragons
  5 orb spiders
  An orange crystal statue (Zig:17)
  3 goliath frogs
  A steelbarb worm (Zig:13)
  A harpy (D:14)
  A necromancer (D:15)
  2 ugly things (D:14)
  A deep elf zephyrmancer (D:14)
  An orc sorcerer (Orc:2)
  A cyclops (D:14)
  4 wolf spiders
  4 moths of wrath
  2 will-o-the-wisps
  2 elephants (Lair:2)
  A naga mage (D:15)
  3 black mambas
  3 torpor snails
  An orange demon (Zig:17)
  A centaur skeleton (D:15)
  4 cane toads
  An unseen horror (D:12)
  3 yaktaurs
  An efreet (D:15)
  3 kobold demonologists (D:14)
  2 komodo dragons (Lair:5)
  A meliai (Zig:14)
  A troll (D:13)
  4 tyrant leeches
  8 tarantellas
  10 hornets
  4 blink frogs (Lair:2)
  A blink frog (shapeshifter) (D:15)
  8 jumping spiders
  4 culicivoras
  A shadow (D:12)
  6 wyverns (Lair:5)
  A water elemental (D:12)
  A wraith (D:14)
  15 redbacks
  11 yaks
  3 starcursed masses (Zig:15)
  A human (D:13)
  3 vampire mosquitoes
  2 basilisks
  2 neqoxecs
  6 swamp worms
  An acid dragon (Lair:5)
  6 water moccasins
  7 orc warriors
  A black bear (Lair:1)
  7 swamp drakes
  4 ogres
  4 boggarts (D:15)
  7 wolves
  A centaur (D:15)
  2 kobold brigands
  2 bullfrogs
  An elephant simulacrum (Lair:5)
  An oklob sapling (D:13)
  3 electric eels
  A gnoll bouda (Orc:2)
  9 orc priests
  3 iguanas (Lair:5)
  11 orc wizards
  An adder (D:13)
  3 gnolls (Orc:2)
  24 orcs
  3 jackals (D:13)
  2 ball pythons (D:13)
  6 kobolds
  A bush (Lair:3)
370 creatures vanquished.

Vanquished Creatures (others)
  A curse toe (Zig:18)
  A golden dragon (Vaults:5)
  A draconian scorcher (Zig:19)
  An eleionoma (Zig:16)
  2 ghost crabs (Zig:18)
  A vault guard (Vaults:5)
  A death knight (Crypt:3)
  A deep elf knight (Elf:2)
  An orb spider (Spider:4)
  A goliath frog (Zig:16)
  A shadow demon (Zig:17)
  A water nymph (shapeshifter) (D:13)
  2 tyrant leeches (Spider:2)
  3 bloated husks
  A tarantella (Spider:2)
  A culicivora (Spider:2)
  A slime creature (D:13)
  A ynoxinul (Zig:9)
  A golden eye (Slime:4)
  A steam dragon (Swamp:4)
  3 vampire mosquitoes
  A swamp worm (Swamp:4)
  2 swamp drakes (Swamp:4)
  An orc warrior (Vaults:5)
  A howler monkey (D:13)
  A block of ice (Zig:17)
  3 bushes
  4 demonic plants (Abyss:3)
  13 foxfires
  75 fungi
  2 lurking horrors (Abyss:3)
  136 plants
  14 snaplasher vines
  10 starspawn tentacles
290 creatures vanquished.

Grand Total: 3270 creatures vanquished

Notes
Turn   | Place    | Note
-------+----------+-------------------------------------------
     0 | D:1      | wormed the Octopode Transmuter began the quest for the Orb.
     0 | D:1      | Reached XP level 1. HP: 13/13 MP: 3/3
   125 | D:1      | Reached XP level 2. HP: 18/18 MP: 3/5
   150 | D:1      | Learned a level 2 spell: Wereblood
   918 | D:2      | Reached skill level 1 in Ice Magic
   924 | D:2      | Reached XP level 3. HP: 20/23 MP: 3/6
  1311 | D:2      | Found a faded altar of an unknown god.
  1974 | D:3      | Noticed Sigmund
  1987 | D:3      | Killed Sigmund
  1988 | D:3      | Reached XP level 4. HP: 28/28 MP: 6/8
  1988 | D:3      | Reached XP level 5. HP: 33/33 MP: 6/9
  2087 | D:3      | Reached XP level 6. HP: 34/38 MP: 7/10
  2321 | D:3      | Identified the +2 helmet "Kivoeq" {Stlth+}
  2321 | D:3      | Noticed Robin
  2330 | D:3      | Killed Robin
  2489 | D:3      | Found a hazy altar of Hepliaklqana.
  2817 | D:3      | Learned a level 4 spell: Ice Form
  2980 | D:4      | Found a stormy altar of Qazlal.
  2996 | D:4      | Reached skill level 5 in Transmutations
  3068 | D:4      | Found a white marble altar of Elyvilon.
  3107 | D:4      | Reached XP level 7. HP: 43/43 MP: 7/12
  3727 | D:4      | Noticed Ijyb
  3738 | D:4      | Killed Ijyb
  3886 | D:5      | Entered Level 5 of the Dungeon
  4043 | D:5      | Reached XP level 8. HP: 48/48 MP: 8/14
  4160 | D:5      | Found Xatioqel's Weapon Shop.
  4239 | D:5      | Found Zeylegau's Jewellery Shop.
  4430 | D:5      | Found Uluxketa's Assorted Antiques.
  4433 | D:5      | Found Boqol's Armour Shop.
  4438 | D:5      | Found Userugat's Jewellery Shop.
  5368 | D:6      | Noticed Eustachio
  5427 | D:6      | Killed Eustachio
  5431 | D:6      | Noticed Maggie
  5467 | D:6      | Killed Maggie
  5468 | D:6      | Reached skill level 5 in Spellcasting
  5509 | D:6      | Reached XP level 9. HP: 55/55 MP: 9/16
  5587 | D:6      | Found Suotanuy's Book Boutique.
  6476 | D:6      | Reached skill level 1 in Summonings
  6476 | D:6      | Reached skill level 1 in Translocations
  7964 | D:7      | Reached skill level 5 in Unarmed Combat
  8387 | D:7      | Identified a scroll of acquirement
  8387 | D:7      | Acquired the amulet of Lirchar {Faith rF+ Regen+ Int+7
                  | Stlth-}
  8627 | D:7      | Reached XP level 10. HP: 58/64 MP: 15/19
  8685 | D:4      | Found a staircase to the Ecumenical Temple.
  8699 | Temple   | Entered the Ecumenical Temple
  8767 | Temple   | Became a worshipper of Gozag Ym Sagoz the Greedy
  8843 | D:9      | Found a transporter.
  8864 | D:9      | Noticed a tengu warrior
  8868 | D:9      | Noticed a two-headed ogre
  9320 | D:5      | Bought a +6 ring of strength for 396 gold pieces
  9431 | D:9      | Noticed Maurice
  9444 | D:9      | Reached skill level 5 in Dodging
  9455 | D:9      | Killed Maurice
  9669 | D:9      | Noticed a boulder beetle
  9694 | D:9      | Killed a boulder beetle
  9695 | D:9      | Reached skill level 5 in Fighting
  9887 | D:9      | Found a transporter.
  9889 | D:9      | Noticed a moth of wrath
  9965 | D:9      | Found a bloodstained altar of Trog.
  9967 | D:9      | Noticed pigah's ghost (novice OpWn)
 10132 | D:10     | Entered Level 10 of the Dungeon
 10246 | D:10     | Noticed a two-headed ogre
 10257 | D:10     | Killed a two-headed ogre
 10391 | D:10     | Reached XP level 11. HP: 53/72 MP: 17/21
 10576 | D:10     | Reached skill level 5 in Summonings
 10576 | D:10     | Reached skill level 5 in Translocations
 10820 | D:10     | Found a staircase to the Lair.
 11142 | D:6      | Bought a book of the Wilderness for 456 gold pieces
 11148 | D:6      | Learned a level 5 spell: Summon Mana Viper
 11154 | D:6      | Learned a level 5 spell: Summon Forest
 11281 | D:11     | Found a staircase to the Orcish Mines.
 11389 | D:11     | Noticed a two-headed ogre
 11397 | D:11     | Killed a two-headed ogre
 11537 | D:11     | Noticed a two-headed ogre
 11545 | D:11     | Killed a two-headed ogre
 11634 | D:11     | Noticed a cyclops
 11644 | D:11     | Killed a cyclops
 11771 | D:11     | Noticed a soul eater
 11883 | D:11     | Noticed a cyclops
 11895 | D:11     | Killed a cyclops
 12043 | D:11     | Found a glowing silver altar of Zin.
 12043 | D:11     | Noticed an angel
 12505 | Lair:1   | Entered Level 1 of the Lair of Beasts
 13093 | Lair:1   | Reached XP level 12. HP: 80/80 MP: 16/23
 13247 | Lair:1   | Reached skill level 1 in Hexes
 13733 | Lair:2   | Noticed a catoblepas
 13744 | Lair:2   | Noticed Fannar
 14357 | Lair:2   | Killed Fannar
 14657 | Lair:2   | Noticed Urug
 14672 | Lair:2   | Killed Urug
 14864 | Lair:2   | Killed a catoblepas
 15334 | Lair:3   | Reached XP level 13. HP: 88/88 MP: 15/25
 15576 | Lair:3   | Reached skill level 5 in Hexes
 15893 | Lair:3   | Found a staircase to the Swamp.
 16359 | Lair:3   | Found a hole to the Spider Nest.
 17140 | Lair:4   | Found a staircase to the Slime Pits.
 18070 | Lair:5   | Entered Level 5 of the Lair of Beasts
 18523 | Lair:5   | Reached XP level 14. HP: 97/97 MP: 14/26
 19993 | Lair:5   | Reached skill level 10 in Unarmed Combat
 21473 | D:12     | Reached skill level 10 in Dodging
 22511 | D:13     | Found a transporter.
 22518 | D:13     | Found a transporter.
 22519 | D:13     | Noticed Hosix's ghost (journeyman GrFi)
 22896 | D:13     | Reached skill level 10 in Fighting
 23611 | D:13     | Reached XP level 15. HP: 103/103 MP: 14/27
 24258 | Abyss:3  | Found a corrupted altar of Lugonu.
 24258 | Abyss:3  | Cast into level 3 of the Abyss (a wizard)
 24372 | Abyss:3  | Noticed a bone dragon
 24382 | Abyss:3  | Found a corrupted altar of Lugonu.
 24421 | D:13     | Escaped the Abyss
 24433 | D:13     | Reached skill level 10 in Summonings
 24592 | D:13     | Found a gate to the Vaults.
 24843 | Orc:1    | Entered Level 1 of the Orcish Mines
 25125 | Orc:2    | Entered Level 2 of the Orcish Mines
 25128 | Orc:2    | Found a runed translucent door.
 25130 | Orc:2    | Reached skill level 10 in Translocations
 25493 | Orc:2    | Found Suxtyj's Jewellery Emporium.
 25493 | Orc:2    | Found Hosek's Antique Weapon Emporium.
 25501 | Orc:2    | Found Kuimuis's Jewellery Shoppe.
 25503 | Orc:2    | Found Rututty's Antique Armour Shoppe.
 25506 | Orc:2    | Bought the ring "Megaoman" {Wiz rElec rPois Int+4 Dex+3}
                  | for 754 gold pieces
 25867 | Orc:2    | Found a staircase to the Elven Halls.
 26165 | Orc:2    | Identified the +1 hat of Sif Muna's Castigation {Str+5
                  | Int+3 Dex-4}
 26344 | D:5      | Bought the ring "Joust" {Will+ rCorr Stlth+} for 484 gold
                  | pieces
 26344 | D:5      | Bought the ring of the Priest {*Corrode rF+ Str+6 Slay+2
                  | Stlth-} for 552 gold pieces
 26763 | D:9      | Killed pigah's ghost
 27271 | D:14     | Noticed Josephine
 27284 | D:14     | Killed Josephine
 27535 | D:14     | You fall into a shaft and drop 1 floor!
 27535 | D:15     | Entered Level 15 of the Dungeon
 27804 | D:14     | Reached skill level 10 in Hexes
 27948 | D:14     | Reached XP level 16. HP: 113/113 MP: 23/28
 28178 | D:14     | Identified the +10 plate armour of Recklessness {rC+ Will+
                  | rCorr}
 29457 | D:15     | Found a staircase to the Depths.
 29850 | Swamp:1  | Entered Level 1 of the Swamp
 30087 | Swamp:1  | Noticed Roxanne
 30758 | Swamp:1  | Killed Roxanne
 31345 | Swamp:2  | Noticed a fenstrider witch
 31350 | Swamp:2  | Killed a fenstrider witch
 31991 | Swamp:2  | Found a shimmering altar of Xom.
 32470 | Swamp:3  | Reached XP level 17. HP: 122/122 MP: 16/29
 33663 | Swamp:4  | Entered Level 4 of the Swamp
 36054 | Swamp:4  | Got a decaying rune of Zot
 36330 | Spider:1 | Entered Level 1 of the Spider Nest
 36793 | Spider:1 | Noticed Frances
 36804 | Spider:1 | Killed Frances
 37491 | Spider:1 | Reached XP level 18. HP: 114/132 MP: 2/30
 38111 | Spider:1 | Reached skill level 15 in Unarmed Combat
 38302 | Spider:1 | Learned a level 7 spell: Storm Form
 38422 | Spider:2 | Reached skill level 1 in Air Magic
 40031 | Spider:2 | Reached skill level 5 in Air Magic
 40683 | Lair:5   | Bought a curved jewelled staff for 336 gold pieces
 42673 | Elf:1    | Entered Level 1 of the Elven Halls
 43314 | Elf:1    | Found Cuekhy Onwi's Armour Emporium.
 43444 | Elf:1    | Gained mutation: Your magical capacity is low. (-10% MP)
                  | [mutagenic glow]
 43702 | Elf:1    | Reached skill level 10 in Transmutations
 43811 | Elf:1    | Found Moemna's Weapon Boutique.
 43818 | Elf:1    | Found Gigec's Magic Scroll Shop.
 43827 | Elf:1    | Found Hugaosu's Weapon Boutique.
 44368 | Elf:1    | Lost mutation: Your magical capacity is low. (-10% MP)
                  | [potion of mutation]
 44368 | Elf:1    | Gained mutation: You are weak. (Str -2) [potion of
                  | mutation]
 44369 | Elf:1    | Lost mutation: You are weak. (Str -2) [potion of mutation]
 44369 | Elf:1    | Gained mutation: One of your tentacles bears a spike.
                  | [potion of mutation]
 44369 | Elf:1    | Gained mutation: You are weak. (Str -2) [potion of
                  | mutation]
 44369 | Elf:1    | Gained mutation: You are partially covered in iridescent
                  | scales. (AC +2) [potion of mutation]
 44369 | Elf:1    | Gained mutation: You have very sharp teeth. [potion of
                  | mutation]
 44370 | Elf:1    | Lost mutation: You are weak. (Str -2) [potion of mutation]
 44370 | Elf:1    | Lost mutation: You are partially covered in iridescent
                  | scales. (AC +2) [potion of mutation]
 44370 | Elf:1    | Lost mutation: One of your tentacles bears a spike. [potion
                  | of mutation]
 44370 | Elf:1    | Gained mutation: Your muscles are strong. (Str +4, Int/Dex
                  | -1) [potion of mutation]
 44370 | Elf:1    | Gained mutation: You are partially covered in iridescent
                  | scales. (AC +2) [potion of mutation]
 44577 | Elf:2    | Reached XP level 19. HP: 66/137 MP: 31/31
 44930 | Elf:2    | Reached skill level 10 in Air Magic
 45376 | Elf:2    | Found a huge runed translucent gate.
 45376 | Elf:2    | Found a huge runed translucent gate.
 45376 | Elf:2    | Found a huge runed translucent gate.
 45376 | Elf:2    | Found a huge runed translucent gate.
 45415 | Elf:2    | Found a huge runed translucent gate.
 45632 | Orc:2    | Bought a +6 ring of intelligence for 432 gold pieces
 45632 | Orc:2    | Bought a +6 ring of intelligence for 432 gold pieces
 45691 | Orc:2    | Bought the ring of the Manifold Hosts {rC+ Int+2 SInv} for
                  | 664 gold pieces
 45958 | Spider:4 | Entered Level 4 of the Spider Nest
 46488 | Spider:4 | Identified the +10 hand axe of Moog {venom, +Blink SInv}
 46748 | Spider:4 | Got a gossamer rune of Zot
 46819 | Spider:4 | Identified the +1 pair of boots of Cowardice {Str+3}
 48146 | Elf:3    | Entered Level 3 of the Elven Halls
 48337 | Elf:3    | Reached XP level 20. HP: 142/144 MP: 22/32
 48939 | Abyss:3  | Cast into level 3 of the Abyss (a deep elf demonologist)
 48992 | Abyss:3  | Noticed a bone dragon
 48999 | Abyss:3  | Killed a bone dragon
 49398 | Abyss:3  | Reached skill level 15 in Air Magic
 49447 | Abyss:3  | Found a corrupted altar of Lugonu.
 49489 | Abyss:3  | Found a corrupted altar of Lugonu.
 49534 | Elf:3    | Escaped the Abyss
 49677 | Elf:3    | Identified the amulet "Cixej" {Reflect Str+2 Int+3 Dex+2
                  | SH+5}
 49773 | Elf:3    | Found the +11 Singing Sword {sonic wave}
 49798 | Elf:3    | Got Sif Muna's Volume of Darkness and the Crevasse
 49810 | Elf:3    | Identified the ring "Wisun" {Str+6 Int-3 Dex-2 SInv Stlth+}
 49941 | Elf:3    | Identified the ring of Megalomania {*Slow AC+4 Str+9
                  | Slay+3}
 49943 | Elf:3    | Identified the +3 trident of the Hungering Asp {heavy,
                  | rElec Str+2 Int+2}
 50314 | Vaults:1 | Entered Level 1 of the Vaults
 50676 | Vaults:1 | Reached XP level 21. HP: 149/149 MP: 28/33
 52244 | Vaults:2 | Found Miny's General Store.
 52457 | Vaults:2 | Reached skill level 15 in Transmutations
 52487 | Vaults:2 | Noticed Donald
 52493 | Vaults:2 | Killed Donald
 53676 | Abyss:3  | Cast into level 3 of the Abyss (a wizard)
 53683 | Abyss:3  | Noticed a bone dragon
 53690 | Abyss:3  | Killed a bone dragon
 53699 | Abyss:3  | Found a corrupted altar of Lugonu.
 53836 | Abyss:3  | Gained mutation: Your magical capacity is low. (-10% MP) [a
                  | neqoxec]
 53856 | Vaults:3 | Escaped the Abyss
 54155 | Vaults:3 | Reached XP level 22. HP: 145/155 MP: 30/30
 54273 | Vaults:3 | Found Erruo's Weapon Shop.
 54969 | Vaults:3 | Found a staircase to the Crypt.
 55454 | Vaults:4 | Found Yhuas's Antique Weapon Emporium.
 56587 | Vaults:4 | Identified the +1 mace of Ysophupa {heavy, Will++ Str+5
                  | Dex-2}
 56945 | Vaults:5 | Entered Level 5 of the Vaults
 56960 | Vaults:5 | Reached skill level 15 in Dodging
 56970 | Vaults:5 | Reached skill level 15 in Fighting
 56976 | Vaults:5 | Noticed a golden dragon
 56983 | Vaults:5 | Reached XP level 23. HP: 130/162 MP: 28/31
 57131 | Vaults:5 | Killed a golden dragon
 57136 | Vaults:5 | Noticed a golden dragon
 57237 | Vaults:5 | Killed a golden dragon
 57291 | Vaults:5 | Noticed a dread lich
 57304 | Vaults:5 | Killed a dread lich
 57896 | Vaults:5 | Identified the +5 scimitar of Ucrin {protect, Fragile rPois
                  | Will+++ Stlth-}
 57968 | Vaults:5 | Identified the +10 long sword of Fate {speed, +Blink rN+
                  | Int+2 Stlth+}
 58119 | Vaults:5 | Identified the +10 spear "Vyt Fann" {flame, Str+3 Dex+2
                  | Stlth+}
 58233 | Vaults:5 | Got a silver rune of Zot
 58299 | Vaults:5 | Identified the +6 halberd "Nead" {protect, rF++ Will+
                  | Dex+3}
 58875 | Slime:1  | Entered Level 1 of the Pits of Slime
 59923 | Slime:1  | Acquired 795 gold pieces
 59943 | Slime:2  | Gained mutation: Your spells are a little easier to cast,
                  | but a little less powerful. [a shining eye]
 60050 | Slime:1  | Lost mutation: Your muscles are strong. (Str +4, Int/Dex
                  | -1) [potion of mutation]
 60050 | Slime:1  | Lost mutation: You have very sharp teeth. [potion of
                  | mutation]
 60050 | Slime:1  | Gained mutation: You are mostly covered in iridescent
                  | scales. (AC +4) [potion of mutation]
 60051 | Slime:1  | Lost mutation: You are mostly covered in iridescent scales.
                  | (AC +4) [potion of mutation]
 60051 | Slime:1  | Lost mutation: Your magical capacity is low. (-10% MP)
                  | [potion of mutation]
 60051 | Slime:1  | Lost mutation: You are partially covered in iridescent
                  | scales. (AC +2) [potion of mutation]
 60051 | Slime:1  | Gained mutation: You have hidden genetic defects. [potion
                  | of mutation]
 60051 | Slime:1  | Lost mutation: Your spells are a little easier to cast, but
                  | a little less powerful. [potion of mutation]
 60051 | Slime:1  | Gained mutation: You are agile. (Dex +4, Str/Int -1)
                  | [potion of mutation]
 60051 | Slime:1  | Gained mutation: You are partially covered in iridescent
                  | scales. (AC +2) [potion of mutation]
 60052 | Slime:1  | Lost mutation: You have hidden genetic defects. [potion of
                  | mutation]
 60052 | Slime:1  | Lost mutation: You are agile. (Dex +4, Str/Int -1) [potion
                  | of mutation]
 60052 | Slime:1  | Gained mutation: Your mind is acute. (Int +4, Str/Dex -1)
                  | [potion of mutation]
 60052 | Slime:1  | Gained mutation: Your spells are a little easier to cast,
                  | but a little less powerful. [potion of mutation]
 60052 | Slime:1  | Gained mutation: Your flesh is cold resistant. (rC+)
                  | [potion of mutation]
 60053 | Slime:1  | Lost mutation: Your spells are a little easier to cast, but
                  | a little less powerful. [potion of mutation]
 60053 | Slime:1  | Lost mutation: You are partially covered in iridescent
                  | scales. (AC +2) [potion of mutation]
 60053 | Slime:1  | Lost mutation: Your flesh is cold resistant. (rC+) [potion
                  | of mutation]
 60053 | Slime:1  | Gained mutation: Your muscles are strong. (Str +4, Int/Dex
                  | -1) [potion of mutation]
 60121 | Slime:2  | Gained mutation: Your spells are a little easier to cast,
                  | but a little less powerful. [a shining eye]
 60123 | Slime:2  | Lost mutation: Your spells are a little easier to cast, but
                  | a little less powerful. [potion of mutation]
 60123 | Slime:2  | Lost mutation: Your muscles are strong. (Str +4, Int/Dex
                  | -1) [potion of mutation]
 60123 | Slime:2  | Gained mutation: You sometimes lose your temper in combat.
                  | [potion of mutation]
 60123 | Slime:2  | Gained mutation: You have hidden genetic potential. [potion
                  | of mutation]
 60123 | Slime:2  | Gained mutation: You have supernaturally acute eyesight.
                  | (SInv) [potion of mutation]
 60123 | Slime:2  | Gained mutation: You expend magic power (3 MP) to
                  | strengthen your wands. [potion of mutation]
 60124 | Slime:2  | Lost mutation: Your mind is acute. (Int +4, Str/Dex -1)
                  | [potion of mutation]
 60124 | Slime:2  | Lost mutation: You have supernaturally acute eyesight.
                  | (SInv) [potion of mutation]
 60124 | Slime:2  | Gained mutation: Your magical capacity is low. (-10% MP)
                  | [potion of mutation]
 60124 | Slime:2  | Gained mutation: Your natural rate of healing is unusually
                  | fast. [potion of mutation]
 60125 | Slime:2  | Lost mutation: You expend magic power (3 MP) to strengthen
                  | your wands. [potion of mutation]
 60125 | Slime:2  | Lost mutation: Your natural rate of healing is unusually
                  | fast. [potion of mutation]
 60125 | Slime:2  | Gained mutation: Your spells are a little harder to cast,
                  | but a little more powerful. [potion of mutation]
 60125 | Slime:2  | Gained mutation: You have a pair of small antennae on your
                  | head. [potion of mutation]
 60125 | Slime:2  | Gained mutation: Your system is resistant to poisons.
                  | (rPois) [potion of mutation]
 60149 | Slime:2  | Lost mutation: You have hidden genetic potential. [a
                  | shining eye]
 60447 | Slime:2  | Gained mutation: You occasionally lose the ability to drink
                  | potions when taking damage. [a shining eye]
 60706 | Slime:2  | Lost mutation: Your spells are a little harder to cast, but
                  | a little more powerful. [potion of mutation]
 60706 | Slime:2  | Lost mutation: Your system is resistant to poisons. (rPois)
                  | [potion of mutation]
 60706 | Slime:2  | Lost mutation: You have a pair of small antennae on your
                  | head. [potion of mutation]
 60706 | Slime:2  | Gained mutation: Your natural rate of healing is unusually
                  | fast. [potion of mutation]
 60706 | Slime:2  | Gained mutation: You are strong-willed. (Will+) [potion of
                  | mutation]
 60707 | Slime:2  | Lost mutation: Your magical capacity is low. (-10% MP)
                  | [potion of mutation]
 60707 | Slime:2  | Lost mutation: Your natural rate of healing is unusually
                  | fast. [potion of mutation]
 60707 | Slime:2  | Gained mutation: You are covered in fur. (AC +1) [potion of
                  | mutation]
 60707 | Slime:2  | Gained mutation: Your mind is acute. (Int +4, Str/Dex -1)
                  | [potion of mutation]
 60708 | Slime:2  | Lost mutation: You occasionally lose the ability to drink
                  | potions when taking damage. [potion of mutation]
 60708 | Slime:2  | Lost mutation: You are strong-willed. (Will+) [potion of
                  | mutation]
 60708 | Slime:2  | Gained mutation: You passively map a small area around you.
                  | [potion of mutation]
 60709 | Slime:2  | Lost mutation: You sometimes lose your temper in combat.
                  | [potion of mutation]
 60709 | Slime:2  | Lost mutation: Your mind is acute. (Int +4, Str/Dex -1)
                  | [potion of mutation]
 60709 | Slime:2  | Gained mutation: Your flesh is heat resistant. (rF+)
                  | [potion of mutation]
 60709 | Slime:2  | Gained mutation: You have supernaturally acute eyesight.
                  | (SInv) [potion of mutation]
 60709 | Slime:2  | Gained mutation: One of your tentacles bears a spike.
                  | [potion of mutation]
 60737 | Slime:3  | Reached XP level 24. HP: 160/173 MP: 28/35
 60928 | Slime:4  | Gained mutation: You do not regenerate when monsters are
                  | visible. [a shining eye]
 60957 | Slime:4  | Paralysed by a floating eye for 4 turns
 61150 | Slime:3  | Gained mutation: You are clumsy. (Dex -2) [a shining eye]
 61990 | Slime:5  | Entered Level 5 of the Pits of Slime
 62374 | Slime:5  | Found a viscous altar of Jiyva.
 62376 | Slime:5  | Found the +3 pair of mountain boots {steadfast, rC+}
 62426 | Slime:5  | Noticed the Royal Jelly
 62430 | Slime:5  | Killed the Royal Jelly
 62513 | Slime:5  | Identified the amulet "Taec" {Faith Will++ Stlth+}
 62535 | Slime:5  | Identified the +6 scimitar of Faugur {chaos, rN++ Int+5
                  | Dex-2}
 62537 | Slime:5  | Got a slimy rune of Zot
 62538 | Slime:5  | Identified the +7 long sword "Grim" {heavy, Str+4}
 62539 | Slime:5  | Identified the amulet of Sakkoepn {Regen+ Dex+3}
 62588 | Slime:5  | Identified the +1 falchion of Ymudghem {freeze, rC+}
 62593 | Slime:5  | Identified the +7 mace of Kiomyxir {venom, *Rage rF+ Will+}
 62834 | Slime:5  | Lost mutation: You are clumsy. (Dex -2) [potion of
                  | mutation]
 62834 | Slime:5  | Lost mutation: You have supernaturally acute eyesight.
                  | (SInv) [potion of mutation]
 62834 | Slime:5  | Gained mutation: A frigid envelope surrounds you and
                  | freezes all who hurt you. [potion of mutation]
 62834 | Slime:5  | Gained mutation: You have an increased reservoir of magic.
                  | (+10% MP) [potion of mutation]
 62835 | Slime:5  | Lost mutation: You passively map a small area around you.
                  | [potion of mutation]
 62835 | Slime:5  | Lost mutation: One of your tentacles bears a spike. [potion
                  | of mutation]
 62835 | Slime:5  | Gained mutation: You have a beak for a mouth. [potion of
                  | mutation]
 62835 | Slime:5  | Gained mutation: You passively map a small area around you.
                  | [potion of mutation]
 63376 | D:13     | Killed Hosix's ghost
 63429 | D:13     | Identified the ring of Joijuo {Fly rC- rN+ Int+2 Dex+2}
 63545 | Depths:1 | Entered Level 1 of the Depths
 63962 | Depths:1 | Found a gateway to Hell.
 64164 | Depths:1 | Reached XP level 25. HP: 183/183 MP: 38/38
 64409 | Depths:1 | Found a shimmering blue altar of Sif Muna.
 65295 | Depths:2 | Found a one-way gate leading to the halls of Pandemonium.
 66074 | Depths:3 | Found a one-way gateway to a ziggurat.
 66092 | Depths:3 | Found a one-way gate to the infinite horrors of the Abyss.
 66110 | Depths:3 | Voluntarily entered the Abyss.
 66207 | Abyss:3  | Paralysed by you for 3 turns
 66425 | Abyss:3  | Found a corrupted altar of Lugonu.
 66425 | Abyss:3  | Found a corrupted altar of Lugonu.
 66441 | Abyss:3  | Found a corrupted altar of Lugonu.
 66514 | Abyss:3  | Got an abyssal rune of Zot
 66894 | Depths:3 | Escaped the Abyss
 67282 | Depths:3 | You are sucked into a shaft and drop 1 floor!
 67282 | Depths:4 | Entered Level 4 of the Depths
 67352 | Depths:4 | Noticed a juggernaut
 67359 | Depths:4 | Killed a juggernaut
 67468 | Depths:4 | Found a gate to the Realm of Zot.
 67545 | Depths:4 | Found a flickering gateway to a bazaar.
 67554 | Bazaar   | Entered a bazaar
 67554 | Bazaar   | Found Qoagho's Antique Armour Shoppe.
 67554 | Bazaar   | Found Benene's Weapon Emporium.
 67556 | Bazaar   | Found Haekidy's Magic Scroll Shoppe.
 67566 | Bazaar   | Bought 3 scrolls of teleportation for 99 gold pieces
 67566 | Bazaar   | Bought a scroll of teleportation for 33 gold pieces
 67566 | Bazaar   | Bought a scroll of teleportation for 33 gold pieces
 67572 | Bazaar   | Found Miallye's General Store.
 67612 | Depths:4 | Noticed Jory
 67622 | Depths:4 | Killed Jory
 67623 | Depths:4 | Reached XP level 26. HP: 194/194 MP: 31/38
 67801 | Depths:4 | Noticed Vv
 67816 | Depths:4 | Killed Vv
 68172 | Depths:4 | Lost mutation: You have an increased reservoir of magic.
                  | (+10% MP) [potion of mutation]
 68172 | Depths:4 | Lost mutation: A frigid envelope surrounds you and freezes
                  | all who hurt you. [potion of mutation]
 68172 | Depths:4 | Lost mutation: You are covered in fur. (AC +1) [potion of
                  | mutation]
 68172 | Depths:4 | Gained mutation: You sometimes lose your temper in combat.
                  | [potion of mutation]
 68281 | Zot:1    | Entered Level 1 of the Realm of Zot
 70667 | Depths:3 | Lost mutation: You have a beak for a mouth. [potion of
                  | mutation]
 70667 | Depths:3 | Lost mutation: You passively map a small area around you.
                  | [potion of mutation]
 70667 | Depths:3 | Lost mutation: You do not regenerate when monsters are
                  | visible. [potion of mutation]
 70667 | Depths:3 | Gained mutation: Your muscles are strong. (Str +4, Int/Dex
                  | -1) [potion of mutation]
 70667 | Depths:3 | Gained mutation: You are occasionally teleported next to
                  | monsters. [potion of mutation]
 70788 | Depths:3 | Learned a level 3 spell: Vhi's Electric Charge
 71058 | Crypt:1  | Entered Level 1 of the Crypt
 72088 | Crypt:2  | Lost mutation: Your flesh is heat resistant. (rF+) [potion
                  | of mutation]
 72088 | Crypt:2  | Lost mutation: Your muscles are strong. (Str +4, Int/Dex
                  | -1) [potion of mutation]
 72088 | Crypt:2  | Lost mutation: You sometimes lose your temper in combat.
                  | [potion of mutation]
 72088 | Crypt:2  | Gained mutation: Your spells are a little harder to cast,
                  | but a little more powerful. [potion of mutation]
 72088 | Crypt:2  | Gained mutation: Your natural rate of healing is unusually
                  | fast. [potion of mutation]
 72088 | Crypt:2  | Gained mutation: You passively dampen the noise of your
                  | surroundings. [potion of mutation]
 72346 | Crypt:2  | Noticed Xtahua
 72353 | Crypt:2  | Killed Xtahua
 72523 | Crypt:2  | Reached skill level 1 in Necromancy
 72721 | Crypt:2  | Reached skill level 2 in Necromancy
 72995 | Crypt:3  | Entered Level 3 of the Crypt
 73080 | Crypt:3  | Reached XP level 27. HP: 205/205 MP: 27/35
 73091 | Crypt:3  | Reached skill level 3 in Necromancy
 73172 | Crypt:3  | Found a basalt altar of Yredelemnul.
 73200 | Crypt:3  | Reached skill level 4 in Necromancy
 73420 | Crypt:3  | Reached skill level 5 in Necromancy
 73518 | Crypt:3  | Found a staircase to the Tomb.
 73721 | Crypt:3  | Reached skill level 6 in Necromancy
 73977 | Crypt:3  | Found a runed translucent gate.
 73977 | Crypt:3  | Found a runed translucent gate.
 73977 | Crypt:3  | Found a runed translucent gate.
 73979 | Crypt:3  | Noticed Uroast's ghost (veteran MiGl)
 74350 | Crypt:3  | Reached skill level 7 in Necromancy
 74579 | Crypt:3  | Identified the ring of the Townfolk {rF+ Will+ rCorr Dex+4
                  | Stlth-}
 74721 | Crypt:3  | Reached skill level 8 in Necromancy
 74955 | Crypt:3  | Killed Uroast's ghost
 75012 | Crypt:3  | Reached skill level 10 in Spellcasting
 75012 | Crypt:3  | Reached skill level 9 in Necromancy
 75025 | Crypt:3  | Learned a level 6 spell: Death Channel
 75196 | Vaults:2 | Bought an Everburning Encyclopedia for 576 gold pieces
 75611 | Zot:2    | Reached skill level 10 in Necromancy
 75805 | Zot:2    | Reached skill level 11 in Necromancy
 76384 | Zot:2    | Reached skill level 12 in Necromancy
 77148 | Zot:3    | Reached skill level 13 in Necromancy
 78052 | Zot:4    | Reached skill level 14 in Necromancy
 78176 | Zot:4    | Identified the +4 flail of the Shifting Shark {freeze,
                  | Str+6}
 78561 | Zot:4    | Reached skill level 15 in Necromancy
 78738 | Zot:5    | Entered Level 5 of the Realm of Zot
 78924 | Zot:5    | Paralysed by a Zot trap for 4 turns
 78927 | Zot:5    | Noticed an orb of fire
 78934 | Zot:5    | Noticed an ancient lich
 78936 | Zot:5    | Killed an orb of fire
 78939 | Zot:5    | Noticed a dread lich
 78940 | Zot:5    | Noticed an ancient lich
 78946 | Zot:5    | Reached skill level 16 in Necromancy
 78954 | Zot:5    | Killed an ancient lich
 79000 | Zot:5    | Killed a dread lich
 79001 | Zot:5    | Reached skill level 17 in Necromancy
 79008 | Zot:5    | Noticed an ancient lich
 79018 | Zot:5    | Killed an ancient lich
 79106 | Zot:5    | Noticed an orb of fire
 79106 | Zot:5    | Noticed an orb of fire
 79108 | Zot:5    | Gained mutation: You are weak. (Str -2) [an orb of fire]
 79115 | Zot:5    | Killed an orb of fire
 79118 | Zot:5    | Reached skill level 18 in Necromancy
 79118 | Zot:5    | Gained mutation: You are frail. (-10% HP) [an orb of fire]
 79119 | Zot:5    | Killed an orb of fire
 79305 | Zot:5    | Killed an ancient lich
 79306 | Zot:5    | Reached skill level 19 in Necromancy
 80868 | D:1      | Learned a level 8 spell: Necromutation
 80877 | D:1      | Learned a level 8 spell: Ignition
 81216 | Zig:1    | Entered Level 1 of a ziggurat
 81221 | Zig:1    | Reached skill level 1 in Fire Magic
 81308 | Zig:2    | Entered Level 2 of a ziggurat
 81384 | Zig:3    | Entered Level 3 of a ziggurat
 81429 | Zig:4    | Entered Level 4 of a ziggurat
 81585 | Zig:5    | Entered Level 5 of a ziggurat
 81668 | Zig:6    | Entered Level 6 of a ziggurat
 81673 | Zig:6    | Reached skill level 5 in Fire Magic
 81743 | Zig:6    | Identified the +7 shortbow "Hetworgh" {flame, Contam rPois
                  | Will+++ Dex-4}
 81747 | Zig:6    | Lost mutation: You are occasionally teleported next to
                  | monsters. [potion of mutation]
 81747 | Zig:6    | Lost mutation: Your spells are a little harder to cast, but
                  | a little more powerful. [potion of mutation]
 81747 | Zig:6    | Lost mutation: You are weak. (Str -2) [potion of mutation]
 81747 | Zig:6    | Gained mutation: You are partially covered in iridescent
                  | scales. (AC +2) [potion of mutation]
 81754 | Zig:7    | Entered Level 7 of a ziggurat
 81819 | Zig:7    | Identified the +0 sling "Wucvaj" {freeze, rF+ Str-4 Int+2
                  | Dex+3}
 81841 | Zig:7    | Identified the ring of Umisan {rCorr Str+6}
 81868 | Zig:8    | Entered Level 8 of a ziggurat
 81935 | Zig:8    | Identified the +1 dire flail "Trog's Vengeance" {flame,
                  | rCorr Str+3 SInv}
 81936 | Zig:8    | Identified the +0 dagger of Zealous Indomitability
                  | {antimagic, rC- rCorr Int+6}
 81941 | Zig:8    | Identified the amulet "Weseyrha" {Acrobat Rampage rPois}
 81962 | Zig:8    | Lost mutation: You are frail. (-10% HP) [potion of
                  | mutation]
 81962 | Zig:8    | Lost mutation: Your natural rate of healing is unusually
                  | fast. [potion of mutation]
 81962 | Zig:8    | Gained mutation: You are mostly covered in iridescent
                  | scales. (AC +4) [potion of mutation]
 81962 | Zig:8    | Gained mutation: You are agile. (Dex +4, Str/Int -1)
                  | [potion of mutation]
 81969 | Zig:9    | Entered Level 9 of a ziggurat
 81972 | Zig:9    | Noticed Foptux the pandemonium lord
 81972 | Zig:9    | Found the brooch of Shielding {Spirit SH+8}
 81984 | Zig:9    | Killed Foptux the pandemonium lord
 82168 | Zig:9    | Reached skill level 10 in Fire Magic
 82181 | Zig:10   | Entered Level 10 of a ziggurat
 82250 | Zig:10   | Identified the ring of Puosuiq {Dex+4 SInv}
 82293 | Zig:11   | Entered Level 11 of a ziggurat
 82303 | Zig:11   | Noticed a juggernaut
 82303 | Zig:11   | Noticed a juggernaut
 82309 | Zig:11   | Killed a juggernaut
 82316 | Zig:11   | Killed a juggernaut
 82317 | Zig:11   | Reached skill level 20 in Necromancy
 82320 | Zig:11   | Identified the +5 spear of Darkness {heavy, rPois rC- Int+4
                  | Stlth+}
 82436 | Zig:11   | Learned a level 8 spell: Infestation
 82449 | Zig:12   | Entered Level 12 of a ziggurat
 82459 | Zig:12   | Noticed an ancient lich
 82459 | Zig:12   | Noticed an ancient lich
 82460 | Zig:12   | Noticed a dread lich
 82460 | Zig:12   | Noticed a dread lich
 82464 | Zig:12   | Killed an ancient lich
 82467 | Zig:12   | Killed an ancient lich
 82471 | Zig:12   | Killed a dread lich
 82478 | Zig:12   | Found the +12 pair of quick blades "Gyre" and "Gimble"
                  | {protect}
 82480 | Zig:12   | Killed a dread lich
 82540 | Zig:12   | Identified the ring of Oczumosk {Fire Str+3 Int+2}
 82544 | Zig:12   | Identified the +10 lajatang "Kunotoe" {spect, rPois rF+
                  | MP+9}
 82585 | Zig:12   | Identified the +1 plate armour of a bazaar {Harm rF+}
 82590 | Zig:13   | Entered Level 13 of a ziggurat
 82604 | Zig:13   | Reached skill level 21 in Necromancy
 82619 | Zig:13   | Identified the ring "Viamaum" {rElec rF+ MP+9 Stlth+}
 82779 | Zig:13   | Identified the +2 war axe "String" {holy, *Noise rF- rN++
                  | Str+8}
 82782 | Zig:13   | Got the Vellum of Hypothermia and Calling
 82877 | Zig:14   | Entered Level 14 of a ziggurat
 82890 | Zig:14   | Reached skill level 22 in Necromancy
 83177 | Zig:15   | Entered Level 15 of a ziggurat
 83197 | Zig:15   | Paralysed by accursed screaming for 2 turns
 83201 | Zig:15   | Reached skill level 23 in Necromancy
 83210 | Zig:15   | Paralysed by accursed screaming for 2 turns
 83225 | Zig:15   | Paralysed by accursed screaming for 1 turns
 83394 | Zig:16   | Entered Level 16 of a ziggurat
 83419 | Zig:16   | Reached skill level 24 in Necromancy
 83649 | Zig:17   | Entered Level 17 of a ziggurat
 83704 | Zig:17   | Noticed Usaist the pandemonium lord
 83721 | Zig:17   | Killed Usaist the pandemonium lord
 83722 | Zig:17   | Reached skill level 25 in Necromancy
 84063 | Zig:17   | Identified the +5 dagger "Tumo" {holy, rC+}
 84132 | Zig:17   | Identified the +8 rapier of the Leaping Vulture {drain,
                  | Will+ Str+3 Dex+4}
 84138 | Zig:17   | Identified the ring "Fympiradd" {rPois rCorr Dex+2 Slay+5}
 84205 | Zig:18   | Entered Level 18 of a ziggurat
 84217 | Zig:18   | Noticed pigah's ghost (legendary OpWn)
 84219 | Zig:18   | Noticed Zonian's ghost (legendary VSBr)
 84220 | Zig:18   | Noticed wormed's ghost (legendary OpTm)
 84220 | Zig:18   | Noticed rocky1's ghost (legendary GrFi)
 84223 | Zig:18   | Noticed Pooter's ghost (veteran MiBe)
 84236 | Zig:18   | Reached skill level 26 in Necromancy
 84238 | Zig:18   | Killed wormed's ghost
 84246 | Zig:18   | Killed rocky1's ghost
 84250 | Zig:18   | Killed Pooter's ghost
 84363 | Zig:18   | Killed Zonian's ghost
 84441 | Zig:18   | Identified the +9 plate armour of Integrity {rF- rN++
                  | Int+2}
 84445 | Zig:19   | Entered Level 19 of a ziggurat
 84511 | Zig:19   | Reached skill level 27 in Necromancy
 84633 | Zig:19   | Identified the +7 spear of Impatience {chaos, *Rage rN++
                  | Str-2 Int+3}
 84768 | Zig:19   | Identified the +8 plate armour of Philately {Str+5 Int-4}
 84776 | Zig:20   | Entered Level 20 of a ziggurat
 84798 | Zig:20   | Noticed Veamas the pandemonium lord
 84798 | Zig:20   | Noticed Runut the pandemonium lord
 84798 | Zig:20   | Noticed Noism the pandemonium lord
 84798 | Zig:20   | Noticed Gikiqad the pandemonium lord
 84799 | Zig:20   | Noticed Suigrey the pandemonium lord
 84799 | Zig:20   | Noticed Ryzagges the pandemonium lord
 84802 | Zig:20   | Noticed Zoxidw Waemy the pandemonium lord
 84804 | Zig:20   | Noticed Qounuj the pandemonium lord
 84804 | Zig:20   | Noticed Caopni Ynio the pandemonium lord
 84804 | Zig:20   | Noticed Hotenimp the pandemonium lord
 84807 | Zig:20   | Annihilated by Suigrey the pandemonium lord

Illustrated notes

Levels and vault maps discovered:
D:1:      dpeg_arrival_refuge, layout_basic,
          wander_ebering_terrifying_dragon_lair
D:2:      layout_basic, dreamdust_ecumenical_altar_statues, skrybe_limestone_x,
          minmay_misc_feat_tiny, serial_park_tiny_pond,
          chequers_serial_rivers_large_a, minmay_octomino_c4
D:3:      layout_loops_ring, nicolae_overflow_hidden_temple, uniq_sigmund,
          uniq_robin
D:4:      layout_basic, mainiacjoe_overflow_large_starburst,
          minmay_temple_entry_from_below_b, uniq_ijyb
D:5:      layout_cave_pods, dk_noncrumbling_3, minmay_shop_grid_forest,
          nicolae_stop_n_shop_1, nicolae_fountain_basement
D:6:      layout_basic, serial_glass, glass_columns_a, glass_columns_a,
          nicolae_inconvenience_store, nicolae_concentric_dashed_squares_wild,
          uniq_maggie, uniq_eustachio
D:7:      layout_loops_corners
D:8:      layout_cave_pools, hellmonk_bongcloud_opening,
          kennysheep_generic_room_12
D:9:      layout_cave_pools, gammafunk_ghost_wrathful_warriors,
          nzn_sisyphean_effort, uniq_maurice
D:10:     layout_long_grid, grunt_lair_entry_orc_guard_hut
D:11:     layout_loops_ring, orc_0_dummy, zin_angel
D:12:     kennysheep_blocky_hall, layout_basic
D:13:     layout_roguey, grunt_vaults_entry_fortified, nzn_ghost_randoct,
          grunt_ogre_cave, introduction_to_nature_2
D:14:     layout_long_grid, amcnicky_mini_pool_small, minmay_evil_grid,
          uniq_josephine
D:15:     grunt_enter_depths_magical_seal, layout_basic, grunt_decor_resistance
Temple:   nicolae_temple_bog_church
Lair:1:   layout_roguey, grunt_forest_small_clearing_treed
Lair:2:   layout_regular_city, infiniplex_staircase_pool_2, uniq_fannar,
          uniq_urug
Lair:3:   layout_loops_ring, nicolae_swamp_entry_splash_gauntlet,
          spider_nest_entry_rubble, minmay_stone_trees_medium,
          serial_bayou_ford_a, evilmike_ambush [evilmike_ambush_outer_doors,
          evilmike_ambush_inner_basic]
Lair:4:   layout_roguey, slime_entry_1
Lair:5:   hangedman_lair_tendril_chambers, layout_cellular_growth,
          guppyfry_lair_end_dragon, portal_ice_cave_entry_ice_simulacra
Swamp:1:  layout_basic_swamp, evilmike_swamp_ruin_house_1, uniq_roxanne
Swamp:2:  layout_basic_swamp, nicolae_swamp_godswood, swamp_pool4
Swamp:3:  layout_basic_swamp, evilmike_swamp_ruin_house_5,
          infiniplex_staircase_pool
Swamp:4:  swamp_fiery, layout_basic_swamp
Spider:1: layout_cave_pods, hellmonk_test_site, uniq_frances
Spider:2: layout_cave_pods, nicolae_spider_swamp_cousins
Spider:3: layout_spider_delve, hangedman_spider_mandibles,
          spiders_nest_hornet_nest
Spider:4: grunt_spider_rune_circles
Slime:1:  layout_caves
Slime:2:  layout_caves
Slime:3:  layout_caves
Slime:4:  layout_caves, special_room [special_room_jelly]
Slime:5
Orc:1:    layout_diamond_mine, serial_shops, shop, mines1_david
Orc:2:    st_orc_mages, layout_diamond_mine, lightli_church_of_beogh
Elf:1:    elf_arrival_002, layout_geoelf_diagonals, serial_shops, shop,
          hangedman_corner_corridor, minmay_shop_star
Elf:2:    elven_hall_of_blades_hangedman_alternative
          [nicolae_blade_entry_floor_patterns], layout_onion_city,
          portal_desolation_entry_twin_temple
Elf:3:    minmay_elf_hall, layout_geoelf_grid
Vaults:1: v_misc_13, vaults_room_corners, nicolae_vaults_minivaults,
          hangedman_vaults_slither, ontoclasm_vaults_pinch,
          nicolae_vaults_little_squares_3, v_rooms_5,
          nicolae_vaults_puzzle_piece, v_misc_26, v_rooms_4,
          layout_vaults_omnibox
Vaults:2: st_more_cells, nicolae_vaults_mini_display_case,
          vaults_mumra_minichess, v_misc_1, nicolae_vaults_three_branches,
          v_misc_4, ontoclasm_vaults_twist, vaults_dpeg_ring,
          nicolae_vaults_theta, hangedman_vaults_trim,
          layout_vaults_chaotic_city, serial_shops,
          nicolae_shop_advertising_works [nicolae_subvault_shop_adworks],
          uniq_donald
Vaults:3: vaults_room_large_hall, nicolae_vaults_ninety_degrees,
          vaults_mumra_lcd, nicolae_vaults_know_your_exits,
          minmay_crypt_entry_simple_walls, v_alt_pattern_4, vaults_dpeg_hooks,
          nicolae_vaults_specimen_jars, hangedman_vaults_maws,
          vaults_room_grunt_arrival_checkpoint, layout_vaults_omnigrid,
          serial_shops, shop
Vaults:4: v_misc_24, nicolae_vaults_network_periphery, v_rooms_1, v_misc_14,
          nicolae_vaults_disjoint_gnomons, v_misc_17, nicolae_vaults_network_s,
          vaults_mumra_chevron_long, vaults_dpeg_encased_lava,
          hangedman_vaults_impose, vaults_room_semicircle,
          nicolae_vaults_display_case, layout_vaults_maze_snakey, serial_shops,
          nicolae_shop_statue_plus
Vaults:5
Crypt:1:  layout_chaotic_city
Crypt:2:  layout_misc_corridors, uniq_xtahua
Crypt:3:  church_of_pain_bobbens, layout_chaotic_city, gammafunk_ghost_spectres,
          small_chamber_with_monster, lemuel_nasty_fountain
Depths:1: layout_basic, hellmouth_3, ebering_dispersal_statue_hall,
          hangedman_abyss_or_decor_jellyfish_corner, tgw_sif
Depths:2: kennysheep_spiral_hall, layout_gridlike, pan_entry,
          hangedman_geh_valley, minmay_staircase_statues_hall_large
Depths:3: nicolae_cairo_tiling_large_dashed, layout_gridville, enter_ziggurat_a,
          hangedman_decor_peaks_small, hangedman_abyss_entry_splay,
          grunt_hell_entry_dis_old
Depths:4: evilmike_zot_entry_gauntlet, layout_gridlike, serial_shops,
          bzr_entry_lakeside, hell_entry, interstate_on_off, uniq_vv, uniq_jory
Zot:1:    layout_cathedral_of_symmetry, skrybe_zot_glass_1, grunt_megastairs_4
Zot:2:    layout_basic, st_stairs_5
Zot:3:    layout_onion_interference
Zot:4:    layout_onion
Zot:5:    layout_twisted_circle
Zig:20

Skill      XL: |  1  2  3  4  5  6  7  8  9 10 11 12 13 14 15 16 17 18 19 20 21 22 23 24 25 26 27 |
---------------+----------------------------------------------------------------------------------+-----
Ice Magic      | 1 2 3 4 |  4.0
Transmutations | 4 5 6 7 8 10 12 14 15 19 | 19.0
Spellcasting   | 3 4 5 6 7 8 12 | 12.0
Fighting       | 2 4 5 6 7 9 10 11 13 14 15 16 18 19 21 | 21.0
Dodging        | 3 4 5 7 8 9 10 11 13 14 15 16 18 19 21 | 21.0
Unarmed Combat | 5 6 7 8 9 10 11 13 14 15 16 18 19 21 | 21.0
Summonings     | 2 4 6 7 8 9 10 | 10.0
Translocations | 2 4 6 7 8 9 10 | 10.0
Hexes          | 4 7 8 10 | 10.0
Air Magic      | 9 13 16 19 | 19.0
Necromancy     | 2 27 | 27.0
Fire Magic     | 13 | 13.5

Action                   |  1- 3 |  4- 6 |  7- 9 | 10-12 | 13-15 | 16-18 | 19-21 | 22-24 | 25-27 || total
-------------------------+-------+-------+-------+-------+-------+-------+-------+-------+-------++-------
Melee: Unarmed           |    75 |    63 |   295 |   433 |   630 |   761 |   725 |   634 |  1330 ||  4946
       Constrict         |    22 |    17 |     1 |     1 |     7 |     2 |     2 |       |    11 ||    63
       Tentacles         |    15 |     9 |     6 |     2 |     8 |     8 |     2 |     2 |    34 ||    86
       Kick              |    12 |    15 |       |       |       |       |       |       |       ||    27
       Punch             |     1 |     2 |     2 |     1 |     2 |    10 |    88 |    81 |   221 ||   408
       Bite              |       |       |       |       |       |       |     2 |     2 |       ||     4
       Staff             |       |       |       |       |       |       |     1 |     3 |    53 ||    57
       Peck              |       |       |       |       |       |       |       |       |    13 ||    13
 Cast: Beastly Appendage |    19 |    10 |       |       |       |       |       |       |       ||    29
       Wereblood         |    18 |     9 |    26 |    51 |    92 |    91 |    60 |    51 |   146 ||   544
       Ice Form          |       |     5 |    39 |    53 |   102 |   114 |       |       |       ||   313
       Summon Forest     |       |       |       |    17 |    84 |   103 |       |       |     3 ||   207
       Summon Mana Viper |       |       |       |     2 |    50 |    82 |       |       |       ||   134
       Storm Form        |       |       |       |       |       |    10 |    74 |    57 |   155 ||   296
       Death Channel     |       |       |       |       |       |       |       |       |    53 ||    53
       Infestation       |       |       |       |       |       |       |       |       |    10 ||    10
       Ignition          |       |       |       |       |       |       |       |       |     9 ||     9
       Necromutation     |       |       |       |       |       |       |       |       |     3 ||     3
Invok: Call Merchant     |       |       |       |     1 |     3 |     2 |     3 |     3 |     3 ||    15
       Potion Petition   |       |       |       |       |       |       |     1 |       |    10 ||    11
 Abil: End Transformatio |       |       |       |       |     2 |     4 |     1 |       |     5 ||    12
       Blinkbolt         |       |       |       |       |       |     1 |     5 |     6 |    15 ||    27
Evoke: Wand              |       |       |     8 |     8 |       |       |       |       |       ||    16
  Use: Scroll            |     5 |     1 |     5 |    10 |    16 |    11 |     3 |     1 |     4 ||    56
       Potion            |     1 |       |     3 |     5 |     5 |    17 |     4 |    13 |    14 ||    62
 Stab: Sleeping          |     5 |     1 |       |       |       |       |       |       |       ||     6
       Paralysed         |       |       |       |    20 |       |       |       |       |       ||    20
       Distracted        |       |       |       |     3 |     6 |    13 |     5 |     4 |    28 ||    59
       Petrified         |       |       |       |       |     1 |       |       |       |     1 ||     2
       Petrifying        |       |       |       |       |       |       |       |       |     1 ||     1
Armor: Skin              |    11 |     5 |   129 |   129 |   135 |   174 |    90 |   102 |   225 ||  1000
Dodge: Dodged            |    41 |    30 |   187 |   445 |   661 |  1131 |   723 |   691 |  1669 ||  5578

Table legend: (Time is in decaauts)
 A = Elapsed time spent in this place.
 B = Non-inter-level travel time spent in this place.
 C = Inter-level travel time spent in this place.
 D = Time resting spent in this place.
 E = Time spent auto-exploring this place.
 F = Levels seen in this place.
 G = Mean time per level.
                   A        B        C        D        E       F      G
               +--------+--------+--------+--------+--------+-----+--------+
         Total |  83730 |  75292 |   8438 |    979 |  60130 |  81 | 1033.7 |
       Dungeon |  20734 |  17096 |   3638 |      3 |  13780 |  15 | 1382.3 |
        Temple |     83 |     68 |     15 |      0 |     51 |   1 |   83.0 |
          Lair |  10203 |   9010 |   1193 |      4 |   7639 |   5 | 2040.6 |
         Swamp |   6252 |   5861 |    391 |     67 |   4487 |   4 | 1563.0 |
   Spider Nest |   7021 |   6471 |    550 |    130 |   5269 |   4 | 1755.2 |
    Slime Pits |   3973 |   3825 |    148 |      0 |   3064 |   5 |  794.6 |
  Orcish Mines |   2093 |   1853 |    240 |    354 |   1176 |   2 | 1046.5 |
   Elven Halls |   4353 |   3999 |    354 |      0 |   3250 |   3 | 1451.0 |
        Vaults |   8342 |   7747 |    595 |      0 |   6565 |   5 | 1668.4 |
         Crypt |   3986 |   3808 |    178 |      0 |   3097 |   3 | 1328.7 |
        Depths |   5086 |   4283 |    803 |      0 |   3472 |   4 | 1271.5 |
           Zot |   6471 |   6143 |    328 |     86 |   5187 |   5 | 1294.2 |
         Abyss |   1624 |   1624 |      0 |    260 |    662 |   4 |  406.0 |
      Ziggurat |   3451 |   3451 |      0 |     74 |   2401 |  20 |  172.6 |
        Bazaar |     50 |     50 |      0 |      0 |     28 |   1 |   50.0 |
               +--------+--------+--------+--------+--------+-----+--------+

Top non-repeatable levels by time:
  Lair:5: 3274 daAuts
    D:13: 2640 daAuts
  Lair:3: 2616 daAuts
Spider:2: 2410 daAuts
     D:6: 2379 daAuts
 Swamp:3: 2351 daAuts
 Crypt:3: 1996 daAuts
Vaults:2: 1982 daAuts
  Lair:2: 1974 daAuts
   Zot:1: 1840 daAuts
Spider:1: 1828 daAuts
   Orc:2: 1739 daAuts
   Elf:2: 1726 daAuts
Vaults:3: 1710 daAuts
Vaults:4: 1694 daAuts
